AAA
JUAREZ GUERREROS @ VANCOUVER THUNDERBIRDS
08/30/2059
 
TOP OF THE 1ST
Juarez Guerreros batting - Pitching for Vancouver Thunderbirds : RHP Charlie Reilly
Pitching: RHP Charlie Reilly
Batting: LHB Willis Neil 0-0: Called Strike
0-1: Ball
1-1: Swinging Strike
1-2: Strikes out swinging
Batting: RHB Owen Grossman 0-0: Foul Ball, location: 2F
0-1: Ball
1-1: Called Strike
1-2: Ball
2-2: Strikes out swinging
Batting: LHB Ricky Stegall 0-0: Called Strike
0-1: Ground out 5-3 (Groundball, 56, EV 80.0 MPH)
Top of the 1st over - 0 runs, 0 hits, 0 errors, 0 left on base; Juarez 0 - Vancouver 0
BOTTOM OF THE 1ST
Vancouver Thunderbirds batting - Pitching for Juarez Guerreros : RHP Camron Rhode
Pitching: RHP Camron Rhode
Batting: RHB Alan West 0-0: Called Strike
0-1: Ball
1-1: DOUBLE (Flyball, 89XD, EV 98.1 MPH)
Batting: RHB Nickolas Kennedy 0-0: Fly out, F4 (Line Drive, 4M, EV 67.5 MPH)
Batting: LHB Colton Constable 0-0: Ball
1-0: Ball
2-0: Called Strike
2-1: Ground out 6-3 (Groundball, 6M, EV 103.8 MPH)
Alan West to third
Batting: RHB Riley Sistrunk 0-0: Ball
1-0: Foul Ball, location: 2F
1-1: SINGLE (Line Drive, 8RS, EV 105.0 MPH)
Alan West scores
Batting: LHB Bubba Cain 0-0: Ball
1-0: SINGLE (Groundball, 34D, EV 100.6 MPH)
Riley Sistrunk to second
Runner from 2nd tries for 3rd, SAFE, throw by RF made to third
Batting: RHB Wes Chavis 0-0: Foul Ball, location: 2F
0-1: Foul Ball, location: 2F
0-2: Ball
1-2: SINGLE (Groundball, 6MD, EV 100.0 MPH)
Riley Sistrunk scores
Bubba Cain to second
Batting: LHB J.J. Court 0-0: Ball
1-0: Swinging Strike
1-1: Called Strike
1-2: Strikes out swinging
Bottom of the 1st over - 2 runs, 4 hits, 0 errors, 2 left on base; Juarez 0 - Vancouver 2
TOP OF THE 2ND
Juarez Guerreros batting - Pitching for Vancouver Thunderbirds : RHP Charlie Reilly
Batting: LHB Evan Reney 0-0: Foul Ball, location: 2F
0-1: Ball
1-1: Ball
2-1: Ball
3-1: Foul Ball, location: 2F
3-2: Foul Ball, location: 2F
3-2: Foul Ball, location: 2F
3-2: Strikes out swinging
Batting: LHB Drew Katus 0-0: Ball
1-0: Ball
2-0: Called Strike
2-1: Foul Ball, location: 2F
2-2: Strikes out swinging
Batting: LHB Archibald Vasquez 0-0: Foul Ball, location: 2F
0-1: Called Strike
0-2: Ball
1-2: Fly out, F8 (Flyball, 8RS, EV 80.6 MPH)
Top of the 2nd over - 0 runs, 0 hits, 0 errors, 0 left on base; Juarez 0 - Vancouver 2
BOTTOM OF THE 2ND
Vancouver Thunderbirds batting - Pitching for Juarez Guerreros : RHP Camron Rhode
Batting: RHB Kamryn Mazzocchi 0-0: Ball
1-0: Called Strike
1-1: Foul Ball, location: 2F
1-2: Strikes out swinging
Batting: RHB Andrew Stejskal 0-0: Swinging Strike
0-1: Swinging Strike
0-2: Strikes out looking
Batting: RHB Alan West 0-0: Swinging Strike
0-1: Ball
1-1: Ball
2-1: DOUBLE (Flyball, 7LD, EV 106.2 MPH)
Batting: RHB Nickolas Kennedy 0-0: Ball
1-0: Ground out 1-3 (Groundball, 13, EV 65.0 MPH)
Bottom of the 2nd over - 0 runs, 1 hit, 0 errors, 1 left on base; Juarez 0 - Vancouver 2
TOP OF THE 3RD
Juarez Guerreros batting - Pitching for Vancouver Thunderbirds : RHP Charlie Reilly
Batting: SHB Damian Skinner 0-0: Called Strike
0-1: Ball
1-1: Foul Ball, location: 2F
1-2: Strikes out looking
Batting: RHB J.T. Villagran 0-0: Ball
1-0: Called Strike
1-1: Foul Ball, location: 2F
1-2: Foul Ball, location: 2F
1-2: SINGLE (Groundball, 34D, EV 98.8 MPH)
Batting: RHB Lew Torres 0-0: Called Strike
0-1: Ball
1-1: Called Strike
1-2: Ball
2-2: Ball
3-2: Grounds into double play, 1-6-3 (Groundball, 34S, EV 60.6 MPH)
Top of the 3rd over - 0 runs, 1 hit, 0 errors, 0 left on base; Juarez 0 - Vancouver 2
BOTTOM OF THE 3RD
Vancouver Thunderbirds batting - Pitching for Juarez Guerreros : RHP Camron Rhode
Batting: LHB Colton Constable 0-0: Ball
1-0: Called Strike
1-1: Ball
2-1: Foul Ball, location: 2F
2-2: Foul Ball, location: 2F
2-2: Strikes out looking
Batting: RHB Riley Sistrunk 0-0: Ball
1-0: Ball
2-0: Swinging Strike
2-1: Called Strike
2-2: Strikes out swinging
Batting: LHB Bubba Cain 0-0: Ball
1-0: Ball
2-0: Called Strike
2-1: Foul Ball, location: 2F
2-2: Ball
3-2: Fly out, F4 (Popup, 23, EV 93.8 MPH)
Bottom of the 3rd over - 0 runs, 0 hits, 0 errors, 0 left on base; Juarez 0 - Vancouver 2
TOP OF THE 4TH
Juarez Guerreros batting - Pitching for Vancouver Thunderbirds : RHP Charlie Reilly
Batting: LHB Willis Neil 0-0: Ball
1-0: Called Strike
1-1: Foul Ball, location: 2F
1-2: Ball
2-2: DOUBLE (Flyball, 7LD, EV 114.4 MPH)
Batting: RHB Owen Grossman 0-0: Ball
1-0: Swinging Strike
1-1: SINGLE (Line Drive, 8LS, EV 114.4 MPH)
Willis Neil to third
Batting: LHB Ricky Stegall 0-0: Ball
Owen Grossman is caught stealing 2nd base 2-6
1-0: Ball
2-0: Ground out 4-3 (Groundball, 4, EV 104.4 MPH)
Willis Neil scores
Batting: LHB Evan Reney 0-0: Ball
1-0: Ball
2-0: Called Strike
2-1: Ball
3-1: Called Strike
3-2: Foul Ball, location: 2F
3-2: Strikes out swinging
Top of the 4th over - 1 run, 2 hits, 0 errors, 0 left on base; Juarez 1 - Vancouver 2
BOTTOM OF THE 4TH
Vancouver Thunderbirds batting - Pitching for Juarez Guerreros : RHP Camron Rhode
Batting: RHB Wes Chavis 0-0: Ball
1-0: Swinging Strike
1-1: Ball
2-1: Ball
3-1: SINGLE (Flyball, 8RS, EV 95.6 MPH)
Batting: LHB J.J. Court 0-0: Called Strike
0-1: Swinging Strike
0-2: Ball
1-2: Strikes out swinging
Batting: RHB Kamryn Mazzocchi 0-0: Called Strike
0-1: Ball
1-1: Swinging Strike
1-2: Foul Ball, location: 2F
1-2: Strikes out swinging
Batting: RHB Andrew Stejskal 0-0: Called Strike
0-1: Foul Ball, location: 2F
0-2: Ball
1-2: Strikes out swinging
Bottom of the 4th over - 0 runs, 1 hit, 0 errors, 1 left on base; Juarez 1 - Vancouver 2
TOP OF THE 5TH
Juarez Guerreros batting - Pitching for Vancouver Thunderbirds : RHP Charlie Reilly
Batting: LHB Drew Katus 0-0: Ball
1-0: Ball
2-0: Ball
3-0: Called Strike
3-1: Called Strike
3-2: Foul Ball, location: 2F
3-2: Foul Ball, location: 2F
3-2: Base on Balls
Batting: LHB Archibald Vasquez 0-0: Foul Ball, location: 2F
0-1: Called Strike
0-2: Strikes out swinging
Batting: SHB Damian Skinner 0-0: Foul Ball, location: 2F
0-1: Ball
1-1: Foul Ball, location: 2F
1-2: Ball
2-2: Strikes out swinging
Batting: RHB J.T. Villagran 0-0: Ball
1-0: Ball
2-0: Ball
3-0: Called Strike
3-1: SINGLE (Line Drive, 5D, EV 97.5 MPH)
Drew Katus to second
Batting: RHB Lew Torres 0-0: Ball
1-0: SINGLE (Groundball, 5S, EV 71.9 MPH) (infield hit)
Drew Katus to third
J.T. Villagran to second
Batting: LHB Willis Neil 0-0: Foul Ball, location: 2F
0-1: Foul Ball, location: 2F
0-2: Ball
1-2: Foul Ball, location: 2F
1-2: Strikes out swinging
Top of the 5th over - 0 runs, 2 hits, 0 errors, 3 left on base; Juarez 1 - Vancouver 2
BOTTOM OF THE 5TH
Vancouver Thunderbirds batting - Pitching for Juarez Guerreros : RHP Camron Rhode
Batting: RHB Alan West 0-0: Ground out U3 (Groundball, 3, EV 81.9 MPH)
Batting: RHB Nickolas Kennedy 0-0: Called Strike
0-1: Fly out, F7 (Line Drive, 7, EV 103.1 MPH)
Batting: LHB Colton Constable 0-0: Called Strike
0-1: Called Strike
0-2: Foul Ball, location: 2F
0-2: Ball
1-2: Ball
2-2: Strikes out swinging
Bottom of the 5th over - 0 runs, 0 hits, 0 errors, 0 left on base; Juarez 1 - Vancouver 2
TOP OF THE 6TH
Juarez Guerreros batting - Pitching for Vancouver Thunderbirds : RHP Charlie Reilly
Batting: RHB Owen Grossman 0-0: Foul Ball, location: 2F
0-1: Foul Ball, location: 2F
0-2: Hit by Pitch
Batting: LHB Ricky Stegall 0-0: Foul Ball, location: 2F
0-1: Ball
Owen Grossman steals 2nd base
1-1: Ball
2-1: Swinging Strike
2-2: Ball
3-2: Fly out, F6 (Popup, 6D, EV 41.2 MPH)
Batting: LHB Evan Reney 0-0: Called Strike
0-1: Called Strike
0-2: Foul Ball, location: 2F
0-2: Strikes out swinging
Batting: LHB Drew Katus 0-0: Called Strike
Balk!
Owen Grossman to third
0-1: Swinging Strike
0-2: Foul Ball, location: 2F
0-2: Ball
1-2: Strikes out swinging
Top of the 6th over - 0 runs, 0 hits, 0 errors, 1 left on base; Juarez 1 - Vancouver 2
BOTTOM OF THE 6TH
Vancouver Thunderbirds batting - Pitching for Juarez Guerreros : RHP Camron Rhode
Batting: RHB Riley Sistrunk 0-0: Ball
1-0: Swinging Strike
1-1: Called Strike
1-2: Strikes out swinging
Batting: LHB Bubba Cain 0-0: Ball
1-0: Ball
2-0: Called Strike
2-1: Foul Ball, location: 2F
2-2: Ball
3-2: Fly out, F8 (Line Drive, 8LD, EV 98.1 MPH)
Batting: RHB Wes Chavis 0-0: Ball
1-0: Swinging Strike
1-1: Ball
2-1: Swinging Strike
2-2: Ball
3-2: Ground out 4-3 (Groundball, 4, EV 99.4 MPH)
Bottom of the 6th over - 0 runs, 0 hits, 0 errors, 0 left on base; Juarez 1 - Vancouver 2
TOP OF THE 7TH
Juarez Guerreros batting - Pitching for Vancouver Thunderbirds : RHP Charlie Reilly
Pitching: RHP Dantiel Matta
Batting: LHB Archibald Vasquez 0-0: Ball
1-0: Called Strike
1-1: Swinging Strike
1-2: Ball
2-2: Ball
3-2: Strikes out swinging
Batting: SHB Damian Skinner 0-0: Ball
1-0: Foul Ball, location: 2F
1-1: Ball
2-1: Foul Ball, location: 2F
2-2: Strikes out looking
Batting: RHB J.T. Villagran 0-0: Ball
1-0: Foul Ball, location: 2F
1-1: Ball
2-1: SINGLE (Flyball, 89S, EV 86.9 MPH) - OUT at second base trying to stretch hit.
Top of the 7th over - 0 runs, 1 hit, 0 errors, 0 left on base; Juarez 1 - Vancouver 2
BOTTOM OF THE 7TH
Vancouver Thunderbirds batting - Pitching for Juarez Guerreros : RHP Camron Rhode
Batting: LHB J.J. Court 0-0: Ball
1-0: SOLO HOME RUN (Flyball, 9LD, EV 93.8 MPH), Distance : 338 ft
Batting: RHB Kamryn Mazzocchi 0-0: Called Strike
0-1: Foul Ball, location: 2F
0-2: Ball
1-2: Foul Ball, location: 2F
1-2: Ground out 1-3 (Groundball, 13S, EV 67.5 MPH)
Batting: RHB Andrew Stejskal 0-0: SINGLE (Groundball, 56D, EV 94.4 MPH)
Batting: RHB Alan West 0-0: Foul Ball, location: 2F
0-1: Grounds into double play, 5-4-3 (Groundball, 5, EV 88.8 MPH)
Bottom of the 7th over - 1 run, 2 hits, 0 errors, 0 left on base; Juarez 1 - Vancouver 3
TOP OF THE 8TH
Juarez Guerreros batting - Pitching for Vancouver Thunderbirds : RHP Dantiel Matta
Batting: RHB Lew Torres 0-0: Ball
1-0: Called Strike
1-1: Swinging Strike
1-2: Foul Ball, location: 2F
1-2: Ball
2-2: Strikes out looking
Batting: LHB Willis Neil 0-0: Ball
1-0: Ball
2-0: Ball
3-0: Called Strike
3-1: Base on Balls
Batting: RHB Owen Grossman 0-0: Called Strike
0-1: Ball
1-1: Called Strike
1-2: Ball
2-2: Strikes out looking
Batting: LHB Ricky Stegall 0-0: Foul Ball, location: 2F
0-1: Ball
1-1: Foul Ball, location: 2F
1-2: Foul Ball, location: 2F
1-2: Ball
2-2: Ball
3-2: Base on Balls
Willis Neil to second
Batting: LHB Evan Reney 0-0: Called Strike
0-1: Swinging Strike
0-2: Strikes out swinging
Top of the 8th over - 0 runs, 0 hits, 0 errors, 2 left on base; Juarez 1 - Vancouver 3
BOTTOM OF THE 8TH
Vancouver Thunderbirds batting - Pitching for Juarez Guerreros : RHP Camron Rhode
Batting: RHB Nickolas Kennedy 0-0: Ball
1-0: Called Strike
1-1: Foul Ball, location: 2F
1-2: Foul Ball, location: 2F
1-2: Foul Ball, location: 2F
1-2: Fly out, F8 (Flyball, 8LM, EV 91.2 MPH)
Pitching: LHP Davis Reis
Batting: LHB Colton Constable 0-0: Fly out, F5 (Line Drive, 5, EV 68.8 MPH)
Batting: RHB Riley Sistrunk 0-0: Called Strike
0-1: Called Strike
0-2: Ball
1-2: SINGLE (Groundball, 6M, EV 103.1 MPH)
Batting: LHB Bubba Cain 0-0: Ball
1-0: Ball
2-0: Ball
3-0: Called Strike
3-1: Foul Ball, location: 2F
3-2: DOUBLE (Line Drive, 7LS, EV 108.1 MPH)
Riley Sistrunk to third
Riley Sistrunk scores
Batting: RHB Wes Chavis 0-0: Ball
1-0: Foul Ball, location: 2F
1-1: Foul Ball, location: 2F
1-2: Ball
2-2: Ground out 6-3 (Groundball, 6, EV 101.9 MPH)
Bottom of the 8th over - 1 run, 2 hits, 0 errors, 1 left on base; Juarez 1 - Vancouver 4
TOP OF THE 9TH
Juarez Guerreros batting - Pitching for Vancouver Thunderbirds : RHP Dantiel Matta
Pitching: RHP Brad Wiese
Now at 1B: Ayden Harley
Batting: LHB Drew Katus 0-0: Foul Ball, location: 2F
0-1: Foul Ball, location: 2F
0-2: Ball
1-2: Ball
2-2: Ball
3-2: Ground out 4-3 (Groundball, 4, EV 90.6 MPH)
Batting: LHB Archibald Vasquez 0-0: Swinging Strike
0-1: Swinging Strike
0-2: Strikes out looking
Batting: SHB Damian Skinner 0-0: Foul Ball, location: 2F
0-1: Ball
1-1: Ball
2-1: Called Strike
2-2: Foul Ball, location: 2F
2-2: Foul Ball, location: 2F
2-2: Foul Ball, location: 2F
2-2: Strikes out swinging
Top of the 9th over - 0 runs, 0 hits, 0 errors, 0 left on base; Juarez 1 - Vancouver 4
Wednesday, March 27th , 2024 - OOTP Baseball 23.10 Build 110